SAA
HELENA GRIZZLIES @ LONG ISLAND SEAWOLVES
05/30/2021
 
TOP OF THE 1ST
Helena Grizzlies batting - Pitching for Long Island Seawolves : RHP Jim Unknown
Pitching: RHP Jim Unknown
Batting: RHB Hank Kenney 0-0: Called Strike
0-1: Ball
1-1: Ball
2-1: Fly out, F8 (Flyball, 8RM)
Batting: RHB David Ramírez 0-0: Ball
1-0: Foul Ball, location: 2F
1-1: SINGLE (Line Drive, 7S)
Batting: LHB José Alonso 0-0: Called Strike
0-1: Foul Ball, location: 2F
0-2: Ball
1-2: Foul Ball, location: 2F
1-2: Foul Ball, location: 2F
1-2: Ball
2-2: Foul Ball, location: 2F
2-2: Fly out, F8 (Flyball, 8RM)
Batting: RHB Jorge Díaz 0-0: SINGLE (Line Drive, 7LS)
David Ramírez to second
Batting: SHB Bruce Hunt 0-0: Ball
1-0: Ball
2-0: Ground out 4-3 (Groundball, 4)
Top of the 1st over - 0 run(s), 2 hit(s), 0 error(s), 2 left on base; Helena 0 - Long Island 0
BOTTOM OF THE 1ST
Long Island Seawolves batting - Pitching for Helena Grizzlies : RHP Doruk Oyan
Pitching: RHP Doruk Oyan
Batting: RHB Francisco García 0-0: Ball
1-0: Fly out, F4 (Line Drive, 4)
Batting: RHB Jim Unknown 0-0: Foul Ball, location: 2F
0-1: Swinging Strike
0-2: Ground out 6-3 (Groundball, 6)
Batting: SHB Carroll Kline 0-0: Ball
1-0: Swinging Strike
1-1: Ball
2-1: Ball
3-1: Swinging Strike
3-2: Strikes out swinging
Bottom of the 1st over - 0 run(s), 0 hit(s), 0 error(s), 0 left on base; Helena 0 - Long Island 0
TOP OF THE 2ND
Helena Grizzlies batting - Pitching for Long Island Seawolves : RHP Jim Unknown
Batting: RHB Octávio Zúñiga 0-0: Foul Ball, location: 2F
0-1: Called Strike
0-2: Ground out 6-3 (Groundball, 6)
Batting: RHB Tony Farquharson 0-0: Ball
1-0: Called Strike
1-1: Ball
2-1: SINGLE (Groundball, 56)
Batting: RHB Curt Pope 0-0: Called Strike
0-1: Swinging Strike
0-2: Ball
1-2: Ball
2-2: Ball
3-2: Strikes out swinging
Batting: RHB Matt Williams 0-0: Ball
1-0: Ball
2-0: Ball
3-0: Called Strike
3-1: Swinging Strike
3-2: Fly out, F7 (Flyball, 7M)
Top of the 2nd over - 0 run(s), 1 hit(s), 0 error(s), 1 left on base; Helena 0 - Long Island 0
BOTTOM OF THE 2ND
Long Island Seawolves batting - Pitching for Helena Grizzlies : RHP Doruk Oyan
Batting: RHB Roy Clay 0-0: Ball
1-0: Ball
2-0: SINGLE (Line Drive, 56)
Batting: SHB Terry Conley 0-0: Called Strike
0-1: Ball
1-1: Grounds into double play, U6-3 (Groundball, 6M)
Batting: RHB Jim Unknown 0-0: Called Strike
0-1: Swinging Strike
0-2: Ball
1-2: Ball
2-2: Fly out, F2 (Popup, 2RF)
Bottom of the 2nd over - 0 run(s), 1 hit(s), 0 error(s), 0 left on base; Helena 0 - Long Island 0
TOP OF THE 3RD
Helena Grizzlies batting - Pitching for Long Island Seawolves : RHP Jim Unknown
Batting: RHB Hank Kenney 0-0: Foul Ball, location: 2F
0-1: Called Strike
0-2: Ball
1-2: Foul Ball, location: 2F
1-2: Foul Ball, location: 2F
1-2: Foul Ball, location: 2F
1-2: Fly out, F3 (Popup, 3F)
Batting: RHB David Ramírez 0-0: Called Strike
0-1: Ball
1-1: Called Strike
1-2: SINGLE (Line Drive, 56D)
Batting: LHB José Alonso 0-0: SINGLE (Flyball, 8RS)
David Ramírez to second
Batting: RHB Jorge Díaz 0-0: Ball
1-0: Swinging Strike
1-1: Ball
2-1: Foul Ball, location: 2F
2-2: SINGLE (Line Drive, 6MD)
David Ramírez to third
José Alonso to second
Batting: SHB Bruce Hunt 0-0: Ball
1-0: Ball
2-0: Ball
3-0: Called Strike
3-1: Called Strike
3-2: Strikes out swinging
Batting: RHB Octávio Zúñiga 0-0: Swinging Strike
0-1: Foul Ball, location: 2F
0-2: Ball
1-2: Strikes out swinging
Top of the 3rd over - 0 run(s), 3 hit(s), 0 error(s), 3 left on base; Helena 0 - Long Island 0
BOTTOM OF THE 3RD
Long Island Seawolves batting - Pitching for Helena Grizzlies : RHP Doruk Oyan
Batting: RHB António Pérez 0-0: Reached on Error, E7 (Line Drive, 7M)
Batting: LHB Jim Unknown 0-0: Ball
1-0: Ball
2-0: Ball
3-0: Called Strike
3-1: Base on Balls
Batting: RHB Jim Unknown 0-0: Grounds into double play, 6-4-3 (Groundball, 6M)
António Pérez to third
Batting: RHB Francisco García 0-0: Ball
1-0: Ball
2-0: Ball
3-0: Called Strike
3-1: Swinging Strike
3-2: Base on Balls
Batting: RHB Jim Unknown 0-0: Ball
1-0: Fly out, F9 (Flyball, 9M)
Bottom of the 3rd over - 0 run(s), 0 hit(s), 1 error(s), 2 left on base; Helena 0 - Long Island 0
TOP OF THE 4TH
Helena Grizzlies batting - Pitching for Long Island Seawolves : RHP Jim Unknown
Batting: RHB Tony Farquharson 0-0: Called Strike
0-1: Foul Ball, location: 2F
0-2: Ball
1-2: Fly out, F9 (Flyball, 9M)
Batting: RHB Curt Pope 0-0: Ball
1-0: Swinging Strike
1-1: Ball
2-1: Called Strike
2-2: Fly out, F8 (Flyball, 8LS)
Batting: RHB Matt Williams 0-0: Ball
1-0: Ball
2-0: Ball
3-0: Base on Balls
Batting: RHB Hank Kenney 0-0: Ball
Wild Pitch!
Matt Williams to second
1-0: Ground out 5-3 (Groundball, 5S)
Top of the 4th over - 0 run(s), 0 hit(s), 0 error(s), 1 left on base; Helena 0 - Long Island 0
BOTTOM OF THE 4TH
Long Island Seawolves batting - Pitching for Helena Grizzlies : RHP Doruk Oyan
Batting: SHB Carroll Kline 0-0: Called Strike
0-1: Ball
1-1: SINGLE (Groundball, 15) (infield hit)
Batting: RHB Roy Clay 0-0: Swinging Strike
0-1: Called Strike
0-2: Ball
1-2: Fly out, F3 (Popup, 3SF)
Batting: SHB Terry Conley 0-0: Fielders Choice at 2nd, 3-6 (Groundball, 3)
Batting: RHB Jim Unknown 0-0: Ball
1-0: Ball
2-0: Swinging Strike
2-1: Swinging Strike
2-2: Foul Ball, location: 2F
2-2: Strikes out swinging
Bottom of the 4th over - 0 run(s), 1 hit(s), 0 error(s), 1 left on base; Helena 0 - Long Island 0
TOP OF THE 5TH
Helena Grizzlies batting - Pitching for Long Island Seawolves : RHP Jim Unknown
Batting: RHB David Ramírez 0-0: Ball
1-0: Ground out 6-3 (Groundball, 6)
Batting: LHB José Alonso 0-0: Ground out 4-3 (Groundball, 34)
Batting: RHB Jorge Díaz 0-0: Called Strike
0-1: Ball
1-1: Foul Ball, location: 2F
1-2: Fly out, F9 (Line Drive, 9LM)
Top of the 5th over - 0 run(s), 0 hit(s), 0 error(s), 0 left on base; Helena 0 - Long Island 0
BOTTOM OF THE 5TH
Long Island Seawolves batting - Pitching for Helena Grizzlies : RHP Doruk Oyan
Batting: RHB António Pérez 0-0: Ball
1-0: Ball
2-0: Ball
3-0: Base on Balls
Batting: LHB Jim Unknown 0-0: Ball
António Pérez is caught stealing 2nd base
1-0: Called Strike
1-1: Called Strike
1-2: Ball
2-2: Foul Ball, location: 2F
2-2: Ball
3-2: Strikes out looking
Batting: RHB Jim Unknown 0-0: Foul Ball, location: 2F
0-1: Ball
1-1: Ball
2-1: Foul Ball, location: 2F
2-2: Hit by Pitch
Batting: RHB Francisco García 0-0: Ball
1-0: Ball
2-0: Foul Ball, location: 2F
2-1: Called Strike
2-2: Ball
3-2: Foul Ball, location: 2F
3-2: Base on Balls
Jim Unknown to second
Batting: RHB Jim Unknown 0-0: Called Strike
0-1: Ball
1-1: Foul Ball, location: 2F
1-2: Strikes out swinging
Bottom of the 5th over - 0 run(s), 0 hit(s), 0 error(s), 2 left on base; Helena 0 - Long Island 0
TOP OF THE 6TH
Helena Grizzlies batting - Pitching for Long Island Seawolves : RHP Jim Unknown
Batting: SHB Bruce Hunt 0-0: Ball
1-0: Foul Ball, location: 2F
1-1: Ball
2-1: Reached on error, E6 (Groundball, 6)
Batting: RHB Octávio Zúñiga 0-0: Grounds into double play, 4-6-3 (Groundball, 4)
Batting: RHB Tony Farquharson 0-0: Ball
1-0: Foul Ball, location: 2F
1-1: Fly out, F8 (Flyball, 8RM)
Top of the 6th over - 0 run(s), 0 hit(s), 1 error(s), 0 left on base; Helena 0 - Long Island 0
BOTTOM OF THE 6TH
Long Island Seawolves batting - Pitching for Helena Grizzlies : RHP Doruk Oyan
Batting: SHB Carroll Kline 0-0: Ball
1-0: Ball
2-0: Foul Ball, location: 2F
2-1: Foul Ball, location: 2F
2-2: Ball
3-2: SOLO HOME RUN (Flyball, 89XD), Distance : 365 ft
Batting: RHB Roy Clay 0-0: Foul Ball, location: 2F
0-1: Called Strike
0-2: Ball
1-2: Strikes out looking
Batting: SHB Terry Conley 0-0: Called Strike
0-1: Ball
1-1: Swinging Strike
1-2: Ball
2-2: Foul Ball, location: 2F
2-2: Strikes out looking
Batting: RHB Jim Unknown 0-0: Called Strike
0-1: Ball
1-1: Foul Ball, location: 2F
1-2: Ball
2-2: Ground out 4-3 (Groundball, 34)
Bottom of the 6th over - 1 run(s), 1 hit(s), 0 error(s), 0 left on base; Helena 0 - Long Island 1
TOP OF THE 7TH
Helena Grizzlies batting - Pitching for Long Island Seawolves : RHP Jim Unknown
Batting: RHB Curt Pope 0-0: Ball
1-0: Swinging Strike
1-1: Foul Ball, location: 2F
1-2: SINGLE (Line Drive, 56D)
Batting: RHB Matt Williams 0-0: Bunted foul
0-1: Bunted foul
0-2: Ball
Wild Pitch!
Curt Pope to second
1-2: Ball
2-2: SINGLE (Line Drive, 56D)
Curt Pope to third
Runner from 3rd tries for Home, throw and OUT!
Pitching: RHP Jim Unknown
Pinch Hitting: LHB Rufo Flores 0-0: Called Strike
0-1: Foul Ball, location: 2F
0-2: SINGLE (Line Drive, 78S)
Matt Williams to second
Batting: RHB David Ramírez 0-0: Swinging Strike
0-1: Swinging Strike
0-2: Ball
1-2: Fly out, F7 (Flyball, 7M)
Batting: LHB José Alonso 0-0: Fielders Choice at 2nd, U4 (Groundball, 4M)
Top of the 7th over - 0 run(s), 3 hit(s), 0 error(s), 2 left on base; Helena 0 - Long Island 1
BOTTOM OF THE 7TH
Long Island Seawolves batting - Pitching for Helena Grizzlies : RHP Doruk Oyan
Now in LF: Rufo Flores
Batting: RHB António Pérez 0-0: Ball
1-0: Swinging Strike
1-1: Ball
2-1: Called Strike
2-2: Ball
3-2: Strikes out swinging
Pitching: LHP Gian Turicchia
Batting: LHB Jim Unknown 0-0: Ball
1-0: Called Strike
1-1: Foul Ball, location: 2F
1-2: Strikes out looking
Batting: RHB Jim Unknown 0-0: Foul Ball, location: 2F
0-1: Ball
1-1: Ground out 5-3 (Groundball, 5L)
Bottom of the 7th over - 0 run(s), 0 hit(s), 0 error(s), 0 left on base; Helena 0 - Long Island 1
TOP OF THE 8TH
Helena Grizzlies batting - Pitching for Long Island Seawolves : RHP Jim Unknown
Pitching: RHP Jim Unknown
Batting: RHB Jorge Díaz 0-0: Ground out 4-3 (Groundball, 4)
Batting: SHB Bruce Hunt 0-0: Ground out U3 (Groundball, 3S)
Batting: RHB Octávio Zúñiga 0-0: Ball
1-0: Swinging Strike
1-1: Called Strike
1-2: Strikes out swinging
Top of the 8th over - 0 run(s), 0 hit(s), 0 error(s), 0 left on base; Helena 0 - Long Island 1
BOTTOM OF THE 8TH
Long Island Seawolves batting - Pitching for Helena Grizzlies : LHP Gian Turicchia
Batting: RHB Francisco García 0-0: Ground out 6-3 (Groundball, 6)
Batting: RHB Jim Unknown 0-0: Ball
1-0: Ball
2-0: Ground out 6-3 (Groundball, 6M)
Batting: SHB Carroll Kline 0-0: Called Strike
0-1: Ball
1-1: Ball
2-1: Ball
3-1: Base on Balls
Batting: RHB Roy Clay 0-0: Ground out 6-3 (Groundball, 6)
Bottom of the 8th over - 0 run(s), 0 hit(s), 0 error(s), 1 left on base; Helena 0 - Long Island 1
TOP OF THE 9TH
Helena Grizzlies batting - Pitching for Long Island Seawolves : RHP Jim Unknown
Pitching: LHP António Hernández
Batting: RHB Tony Farquharson 0-0: Ball
1-0: Ball
2-0: Called Strike
2-1: SINGLE (Flyball, 8RS)
Batting: RHB Curt Pope 0-0: Bunted foul
0-1: Ball
1-1: Sac Bunt - play at second, runner OUT! 1-6
Pinch Hitting: SHB Eric O'Neill 0-0: Ball
1-0: Ball
2-0: Ball
3-0: Called Strike
3-1: Foul Ball, location: 2F
3-2: Foul Ball, location: 2F
3-2: Base on Balls
Curt Pope to second
Pinch Hitting: RHB Joe Chase 0-0: Swinging Strike
0-1: Ball
1-1: Ball
2-1: Called Strike
2-2: Foul Ball, location: 2F
2-2: Strikes out looking
Batting: RHB David Ramírez 0-0: Fly out, F3 (Popup, 34)
Top of the 9th over - 0 run(s), 1 hit(s), 0 error(s), 2 left on base; Helena 0 - Long Island 1
This league is powered by Out of the Park Baseball, the baseball management simulation game for PC, Mac and Linux
Friday, January 22nd, 2016 - OOTP Baseball 16.9 Build 39